cohdb
Replays
Latest Replays
All Replays
Popular Replays
Top Player Replays
Match Explorer
How It Works
Community
CoH3 Stats
Reddit
Sign in to upload your games and track your stats! →
Sign in with Steam
Match 41128324
Unlisted
Match 41128324
Overview
Messages
Build Orders
End
Construct Section Command Post
Dingo Light Scout Car
Infantry Section
Infantry Section
Infantry Section
Construct Platoon Command Post
ML 3-inch Mortar Team
Selects Canadian Shock Battlegroup
Selects Attacking Spirit
Selects Canadian Shock Section
Infantry Training
Construct Field Infirmary
Humber Armored Car
Selects Incendiary Munitions
Canadian Shock Section
Selects Pyrotechnics
Unlock M3 Stuart Light Tanks
M3 Stuart Light Tank
Grenade Package
Royal Engineer Section
Selects Demolition Engineering
Infantry Section
Canadian Shock Section
6-pounder Anti-tank Gun Team
mikec_81
la
0
0
Comments
sign in to comment!
No comments posted yet!